 Dungeon Crawl Stone Soup version 0.28.0-43-g3370ac3207 (webtiles) character file.

Game seed: 16015093254627035693

112592 Zero1 the Executioner (level 16, 0/151 (152) HPs)
             Began as a Hill Orc Fighter on Mar 10, 2022.
             Was a High Priest of Trog.
             Killed by divine providence
             ... invoked by a meliai
              (11 damage)
             ... on level 15 of the Dungeon.
             The game lasted 01:29:46 (24411 turns).

Zero1 the Executioner (Hill Orc Fighter)           Turns: 24411, Time: 01:29:47

HP:   0/151 (152)   AC: 34    Str: 25    XL:     16   Next: 60%
MP:   0/7           EV:  8    Int:  8    God:    Trog [*****.]
Gold: 1673          SH:  8    Dex: 12    Spells: 15/15 levels left

rFire   x . .      SeeInvis .   W - +9 broad axe (flame)
rCold   + . .      Faith    .   c - +0 buckler
rNeg    . . .      Spirit   +   x - +2 plate armour
rPois   +          Reflect  .   A - +0 helmet
rElec   +          Harm     .   f - +1 cloak of Serirh Gyeqa {rElec rPois Regen+ MP-9}
rCorr   .          Rampage  .   K - +2 pair of gloves
Will    +....                   V - +2 pair of boots
Stlth   ..........              G - amulet of guardian spirit
HPRegen 1.15/turn               h - +4 ring of protection
MPRegen 0.10/turn               n - ring of ice

@: lightly drained
A: no striking features
a: Renounce Religion, Berserk, Trog's Hand, Brothers in Arms


You were on level 15 of the Dungeon.
You worshipped Trog.
Trog was extremely pleased with you.
You visited 6 branches of the dungeon, and saw 27 of its levels.
You also visited: Sewer.

You collected 1913 gold pieces.
You spent 240 gold pieces at shops.

Inventory:

Hand Weapons
 a - a +2 spectral war axe
 z - the +8 dagger of Jizxuuq {vamp, *Slow rF+ rC+ Int+2}
   (You found it on level 6 of the Dungeon)

   It occasionally heals its wielder for a portion of the damage dealt when it
   wounds a living foe.
   Int:       It affects your intelligence (+2).
   rF:        It protects you from fire.
   rC:        It protects you from cold.
   *Slow:     It may slow you when you take damage.
 Q - a +3 dire flail of protection
 W - a +9 broad axe of flaming (weapon)
Missiles
 g - 3 throwing nets
 r - 23 poisoned darts (quivered)
 F - 6 atropa-tipped darts
 S - a curare-tipped dart
Armour
 c - a +0 buckler (worn)
 f - the +1 cloak of Serirh Gyeqa (worn) {rElec rPois Regen+ MP-9}
   (You acquired it in the Ecumenical Temple)

   rElec:     It insulates you from electricity.
   rPois:     It protects you from poison.
   MP:        It affects your magic capacity (-9).
   Regen:     It increases your rate of health regeneration.
 i - a +3 chain mail of poison resistance
 x - a +2 plate armour (worn)
 y - a scarf of invisibility
 A - a +0 helmet (worn)
 K - a +2 pair of gloves (worn)
 T - a scarf of shadows
 V - a +2 pair of boots (worn)
 Z - a +1 chain mail of fire resistance
Jewellery
 h - a +4 ring of protection (left hand)
 n - a ring of ice (right hand)
 o - a ring of protection from fire
 p - a ring of protection from fire
 w - a ring of resist corrosion
 G - an amulet of guardian spirit (around neck)
 I - a ring of see invisible
 X - an amulet of the acrobat
Wands
 t - a wand of charming (24)
 D - a wand of iceblast (6)
 L - a wand of flame (10)
 U - a wand of polymorph (2)
 Y - a wand of mindburst (11)
Scrolls
 l - 4 scrolls of magic mapping
 m - 3 scrolls of identify
 s - 8 scrolls of teleportation
 u - a scroll of silence
 J - a scroll of holy word
 O - 2 scrolls of fog
Potions
 b - 2 potions of invisibility
 d - 2 potions of might
 e - 4 potions of resistance
 j - 2 potions of curing
 k - a potion of ambrosia {unknown}
 q - 3 potions of flight
 v - a potion of haste {unknown}
 C - 3 potions of cancellation
 E - a potion of magic
 H - 3 potions of berserk rage
 P - a potion of lignification
 R - a potion of mutation {unknown}
Miscellaneous
 M - a tin of tremorstones (2/2)
 N - a piece from Xom's chessboard (15/15)


   Skills:
 + Level 16.5 Fighting
 + Level 22.4 Axes
 + Level 15.3 Armour
 + Level 15.3 Shields


You had 15 spell levels left.
You didn't know any spells.
Your spell library contained the following spells:

 Spells                   Type           Power      Damage    Failure   Level
 Shock                    Conj/Air       0%         1d3       98%         1
 Swiftness                Air            0%         N/A       100%        3
 Tukima's Dance           Hex            0%         N/A       100%        3
 Airstrike                Air            0%         N/A       100%        4
 Passage of Golubria      Tloc           0%         N/A       100%        4
 Yara's Violent Unravell  Hex/Tmut       0%         3d3       100%        5
 Malign Gateway           Summ/Tloc      0%         N/A       100%        7
 Summon Horrible Things   Summ           0%         N/A       100%        8


Dungeon Overview and Level Annotations

Branches:
Dungeon (15/15)            Temple (1/1) D:5            Lair (6/6) D:9
 Shoals (0/4) Lair:4        Snake (3/4) Lair:3        Slime (1/5) Lair:6
    Orc (1/2) D:10         Vaults (0/5) D:13         Depths (0/4) D:15
  Sewer (visited)

Altars:
Ashenzari
Cheibriados
Dithmenos
Elyvilon
Gozag
Hepliaklqana
Kikubaaqudgha
Makhleb
Nemelex Xobeh
Okawaru
Qazlal
Ru
Sif Muna
Trog
Uskayaw
Vehumet
Wu Jian
Xom
Yredelemnul
Zin
The Shining One
Beogh
Jiyva

Shops:
D:8 *?(   D:14 [

Annotations:
Lair:5 3 runed translucent doors, Darubir's ghost, journeyman CeAM


Message History

The meliai hits you but does no damage. The meliai closely misses you.
The boggart mumbles some strange words.
The boggart flickers and vanishes!
The meliai hits you but does no damage.
The meliai stings you but does no damage.
The meliai invokes the aid of its god against you.
Something smites you!
* * * LOW HITPOINT WARNING * * *
Something hits you but does no damage.
The meliai's soul is no longer bound.
The meliai hits you but does no damage.
The meliai stings you but does no damage.
Something hits you but does no damage. The meliai hits you but does no damage.
The meliai stings you but does no damage.
Something hits you but does no damage. The meliai barely misses you.
The meliai stings you!
* * * LOW HITPOINT WARNING * * *
The boggart casts a spell.
The boggart flickers and vanishes!
The meliai hits you but does no damage. The meliai closely misses you.
The meliai hits you but does no damage.
The meliai stings you but does no damage.
The meliai calls down the wrath of its god upon you.
Something smites you!
* * * LOW HITPOINT WARNING * * *
The meliai invokes the aid of its god against you.
Something smites you!
* * * LOW HITPOINT WARNING * * *
Blink to where?
Press: ? - help, Dir - move target
As you read the scroll of blinking, it crumbles to dust.
You feel better.
The meliai invokes the aid of its god against you.
Something smites you!
* * * LOW HITPOINT WARNING * * *
The hell knight casts a spell.
The hell knight blinks!
You block the meliai's attack.
The meliai stings you but does no damage.
The meliai mumbles some strange prayers to its god against you.
Something smites you!
You die...

..,,*,*,*,*,#.##...#
#..# #..
.,,*,*,*,*,*,#.....#
#..# #..
.,,,*,*,*,*,*,#p...#
#..# #..
.,,*,*,*,*,*,*.#...#
#..# #..
.,,,*,*,*,*,*,*#...#
#..# #..
.,,*,*,*,*,*,*,#...#
#..# #..
.,,,*,*,*,*.*,*#.y.#
#..#####..
,,,*,*,*,*,#.*,#y..#
#.........
**,,*,*,*,*,*.##@..#
#.........
**,,,*,**#........###
#..####... *,,,,,*
#..###.#...###..#
#... *,,,***
#..###.....[....#
#... *,,,*
#......#........#
#... *,,,*
#..####.#######.#
#... *,,,*
*.,#>..#...# #.# #...
*,,,****##.#.....###
#.# #...
*,,,**,,,..#...#.#
#.# #...


You could see a hell knight (fast, soul bound) and 2 meliai.

Vanquished Creatures
  An acid blob (Slime:1)
  Gastronok (Lair:2)
  A nagaraja (Snake:3)
  An orc warlord (Orc:1)
  4 centaur warriors
  A salamander tyrant (Snake:3)
  Harold (D:10)
  A naga warrior (Snake:3)
  9 hydras
  Erica (Orc:1)
  5 catoblepae
  4 anacondas
  5 two-headed ogres
  4 tengu warriors
  2 death knights
  15 death yaks
  Urug (Lair:2)
  3 shock serpents
  7 skeletal warriors
  A fire crab (shapeshifter) (D:15)
  A salamander mystic (Snake:3)
  2 naga ritualists (Snake:1)
  3 deep elf pyromancers
  A lindwurm (Lair:4)
  A phantasmal warrior (D:14)
  A mana viper (Snake:1)
  2 orc knights
  4 manticores
  12 ugly things
  A salamander (shapeshifter) (D:15)
  12 elephants (Lair:6)
  3 cyclopes
  7 naga magi
  2 guardian serpents
  6 salamanders
  4 torpor snails (Lair:6)
  22 black mambas
  Maggie (Lair:1)
  9 cane toads
  A demonic crawler (Lair:5)
  A gargoyle (D:14)
  2 rime drakes
  2 kobold demonologists
  3 efreet
  3 yaktaurs (D:13)
  7 komodo dragons
  3 tengu conjurers
  A wind drake (Lair:4)
  4 trolls
  4 polar bears
  A meliai (D:14)
  Grinder (D:3)
  14 blink frogs
  15 dream sheep
  13 slime creatures
  5 wyverns
  2 wraiths
  6 basilisks
  45 yaks
  A vampire (D:8)
  10 vampire mosquitoes
  4 steam dragons
  2 swamp worms (Lair:5)
  6 nagas
  13 water moccasins
  2 acid dragons
  15 orc warriors
  3 black bears
  A sky beast (D:5)
  2 necrophages
  10 wolves
  An ogre (D:7)
  12 centaurs
  A kobold brigand (D:8)
  A wyvern zombie (D:7)
  10 bullfrogs
  A gnoll sergeant (D:8)
  4 scorpions
  6 howler monkeys
  An electric eel (Lair:6)
  2 bullfrog zombies
  3 centaur zombies
  3 jellies
  6 orc priests
  Crazy Yiuf (D:3)
  5 centaur skeletons
  4 hounds
  An iron imp (D:10)
  Jessica (D:3)
  4 iguanas
  16 orc wizards
  12 hell rats (Lair:6)
  2 killer bee zombies
  A hound zombie (D:5)
  Robin (D:3)
  11 adders
  4 gnolls (D:8)
  A howler monkey skeleton (D:6)
  2 white imps
  3 dart slugs
  35 orcs
  6 endoplasms
  15 giant cockroaches
  17 goblins
  9 hobgoblins
  9 jackals
  11 kobolds
  6 quokkas
  14 ball pythons
  8 bats
  10 frilled lizards
  11 rats
635 creatures vanquished.

Vanquished Creatures (collateral kills)
  2 anacondas (Snake:1)
  A naga ritualist (Snake:1)
  A mana viper (Snake:1)
  3 black mambas (Snake:1)
7 creatures vanquished.

Vanquished Creatures (others)
  2 orcs (D:7)
  4 bushes
  26 fungi
  86 plants
118 creatures vanquished.

Grand Total: 760 creatures vanquished

Notes
Turn   | Place    | Note
-------+----------+-------------------------------------------
     0 | D:1      | Zero1 the Hill Orc Fighter began the quest for the Orb.
     0 | D:1      | Reached XP level 1. HP: 19/19 MP: 1/1
   217 | D:1      | Reached skill level 3 in Axes
   241 | D:1      | Reached XP level 2. HP: 26/27 MP: 2/2
   385 | D:1      | Found a faded altar of an unknown god.
   589 | D:1      | Reached XP level 3. HP: 27/33 MP: 3/3
  1226 | D:2      | Reached skill level 4 in Axes
  1286 | D:2      | Reached XP level 4. HP: 40/40 MP: 4/4
  2021 | D:3      | Noticed Grinder
  2076 | D:3      | Reached XP level 5. HP: 15/47 MP: 5/5
  2461 | D:3      | Noticed Jessica
  2478 | D:3      | Killed Jessica
  2479 | D:3      | Reached skill level 5 in Axes
  3035 | D:3      | Noticed Robin
  3299 | D:3      | Reached XP level 6. HP: 48/53 MP: 6/6
  3411 | D:3      | Killed Robin
  3447 | D:3      | Found a runed translucent door.
  3448 | D:3      | Noticed Crazy Yiuf
  3505 | D:3      | Paralysed by Grinder for 2 turns
  3507 | D:3      | Killed Grinder
  3508 | D:3      | Reached skill level 5 in Fighting
  3508 | D:3      | Reached skill level 6 in Axes
  3508 | D:3      | Reached XP level 7. HP: 49/61 MP: 7/7
  3725 | D:3      | Killed Crazy Yiuf
  4000 | D:4      | Reached skill level 7 in Axes
  4000 | D:4      | Reached skill level 5 in Shields
  4296 | D:4      | Reached skill level 5 in Armour
  4375 | D:4      | Noticed a steam dragon
  4386 | D:4      | Killed a steam dragon
  4523 | D:4      | Reached XP level 8. HP: 63/70 MP: 8/8
  4615 | D:4      | Found a glowing golden altar of the Shining One.
  4793 | D:4      | Found a burning altar of Makhleb.
  4795 | D:4      | Noticed a green death
  4799 | D:4      | Noticed a ynoxinul
  4799 | D:4      | Noticed an orange demon
  4815 | D:4      | Found a roughly hewn altar of Beogh.
  4827 | D:4      | Reached skill level 8 in Axes
  5250 | D:5      | Entered Level 5 of the Dungeon
  5431 | D:5      | Found a white marble altar of Elyvilon.
  5431 | D:5      | Found a radiant altar of Vehumet.
  5439 | D:5      | Found an ornate altar of the Wu Jian Council.
  5442 | D:5      | Found a sacrificial altar of Ru.
  5562 | D:5      | Found a staircase to the Ecumenical Temple.
  5571 | Temple   | Entered the Ecumenical Temple
  5581 | Temple   | Became a worshipper of Trog the Wrathful
  5630 | Temple   | Identified a scroll of acquirement
  5630 | Temple   | Acquired the +1 cloak of Serirh Gyeqa {rElec rPois Regen+
                  | MP-9}
  5879 | D:5      | Noticed a yak
  5885 | D:5      | Killed a yak
  5886 | D:5      | Reached skill level 9 in Axes
  6192 | D:6      | Reached XP level 9. HP: 60/78 MP: 0/9
  6440 | D:6      | Identified the +8 dagger of Jizxuuq {vamp, *Slow rF+ rC+
                  | Int+2}
  6512 | D:6      | Reached skill level 10 in Axes
  6593 | D:6      | Found a glowing drain.
  6605 | Sewer    | Entered a sewer
  6624 | Sewer    | Reached * piety under Trog
  7111 | D:6      | Noticed a two-headed ogre
  7118 | D:6      | Killed a two-headed ogre
  7119 | D:6      | Reached skill level 11 in Axes
  7316 | D:7      | Found a glowing silver altar of Zin.
  7515 | D:7      | Reached ** piety under Trog
  7573 | D:7      | Reached XP level 10. HP: 79/88 MP: 1/10
  7951 | D:8      | Found Sufodyf's Magic Scroll Boutique.
  7963 | D:8      | Reached skill level 12 in Axes
  7976 | D:8      | Bought a scroll of magic mapping for 42 gold pieces
  7976 | D:8      | Bought a scroll of identify for 24 gold pieces
  7976 | D:8      | Bought a scroll of blinking for 90 gold pieces
  7976 | D:8      | Bought a scroll of identify for 24 gold pieces
  7976 | D:8      | Bought a scroll of teleportation for 36 gold pieces
  7976 | D:8      | Bought a scroll of identify for 24 gold pieces
  8156 | D:8      | Found Zazxios's Weapon Shoppe.
  8508 | D:8      | Found Noful's Assorted Antiques.
  8603 | D:8      | Noticed a manticore
  8616 | D:8      | Killed a manticore
  8973 | D:9      | Found a staircase to the Lair.
  9424 | D:10     | Entered Level 10 of the Dungeon
  9500 | D:10     | Reached skill level 13 in Axes
  9627 | D:10     | Noticed Harold
  9634 | D:10     | Killed Harold
  9841 | D:10     | Reached XP level 11. HP: 88/97 MP: 2/11
  9910 | D:10     | Found a snail-covered altar of Cheibriados.
 10034 | D:10     | Found a staircase to the Orcish Mines.
 10318 | D:11     | Noticed a two-headed ogre
 10325 | D:11     | Killed a two-headed ogre
 10326 | D:11     | Reached skill level 14 in Axes
 10377 | D:11     | Reached *** piety under Trog
 10387 | D:11     | Noticed a two-headed ogre
 10401 | D:11     | Killed a two-headed ogre
 10779 | D:11     | Noticed a cyclops
 10789 | D:11     | Killed a cyclops
 10790 | D:11     | Reached skill level 10 in Fighting
 10943 | D:12     | Noticed a skeletal warrior
 10993 | Orc:1    | Entered Level 1 of the Orcish Mines
 11088 | Orc:1    | Noticed an orc warlord
 11273 | Orc:1    | Noticed Erica
 11362 | Lair:1   | Entered Level 1 of the Lair of Beasts
 11489 | Lair:1   | Noticed Maggie
 11492 | Lair:1   | Noticed an eight-headed hydra
 11513 | Lair:1   | Killed a 20-headed hydra
 11514 | Lair:1   | Reached skill level 15 in Axes
 11518 | Lair:1   | Killed Maggie
 11828 | Lair:1   | Noticed a six-headed hydra
 11865 | Lair:2   | You fall into a shaft and drop 1 floor!
 12001 | Lair:3   | Found a staircase to the Snake Pit.
 12162 | Lair:3   | Reached XP level 12. HP: 99/108 MP: 0/12
 12220 | Lair:3   | Noticed a death yak
 12220 | Lair:3   | Noticed a death yak
 12221 | Lair:3   | Noticed a death yak
 12222 | Lair:3   | Noticed a death yak
 12238 | Lair:3   | Killed a death yak
 12239 | Lair:3   | Reached skill level 10 in Armour
 12239 | Lair:3   | Reached skill level 10 in Shields
 12240 | Lair:3   | Killed a death yak
 12247 | Lair:3   | Killed a death yak
 12248 | Lair:3   | Reached skill level 16 in Axes
 12250 | Lair:3   | Killed a death yak
 12360 | Lair:3   | Reached **** piety under Trog
 13174 | Lair:2   | Noticed Gastronok
 13187 | Lair:2   | Killed Gastronok
 13228 | Lair:2   | Reached skill level 17 in Axes
 13320 | Lair:2   | Noticed Urug
 13338 | Lair:2   | Killed Urug
 13380 | Lair:2   | Killed a nine-headed hydra
 13522 | Lair:2   | Noticed a four-headed hydra
 13641 | Lair:1   | Reached XP level 13. HP: 118/118 MP: 4/13
 14027 | Orc:1    | Killed an orc warlord
 14127 | Orc:1    | Killed Erica
 14350 | D:11     | Reached skill level 18 in Axes
 15464 | Snake:1  | Entered Level 1 of the Snake Pit
 15742 | Snake:1  | Reached skill level 19 in Axes
 15777 | Snake:1  | Reached ***** piety under Trog
 15944 | Snake:1  | Reached XP level 14. HP: 106/129 MP: 3/14
 16035 | Snake:3  | HP: 4/129 [black mamba (8)]
 16186 | Snake:2  | Noticed a nagaraja
 16764 | Snake:3  | Noticed a nagaraja
 16794 | Snake:3  | Killed a nagaraja
 16917 | Snake:3  | Reached skill level 20 in Axes
 17269 | Snake:2  | Identified the +7 hand axe "Resonant Beetlebane" {flame,
                  | rF+ rCorr Int-3} (Trog gifted it to you on level 2 of the
                  | Snake Pit)
 17269 | Snake:2  | Received a gift from Trog
 18123 | Lair:4   | Found a staircase to the Shoals.
 18687 | Lair:5   | Reached XP level 15. HP: 106/139 MP: 3/15
 18913 | Lair:5   | Found a runed translucent gate.
 18913 | Lair:5   | Noticed an acid blob
 18913 | Lair:5   | Noticed an acid blob
 18914 | Lair:5   | Found a runed translucent gate.
 18914 | Lair:5   | Found a runed translucent gate.
 18914 | Lair:5   | Noticed an acid blob
 18914 | Lair:5   | Noticed an acid blob
 18914 | Lair:5   | Noticed an acid blob
 18914 | Lair:5   | Noticed a rockslime
 18914 | Lair:5   | Noticed Darubir's ghost (journeyman CeAM)
 18914 | Lair:5   | Noticed an acid blob
 18915 | Lair:5   | Noticed an azure jelly
 18915 | Lair:5   | Noticed an acid blob
 18916 | Lair:5   | Noticed an acid blob
 18918 | Lair:5   | Found a viscous altar of Jiyva.
 18991 | Lair:6   | Entered Level 6 of the Lair of Beasts
 19023 | Lair:6   | Reached skill level 21 in Axes
 19404 | Lair:6   | Reached skill level 15 in Fighting
 19720 | Lair:6   | Identified the +7 hand crossbow of Ligaz {venom, *Corrode
                  | rElec rC++ rN+ Str+3}
 19867 | Lair:6   | Received a gift from Trog
 19945 | Lair:6   | Found a snail-covered altar of Cheibriados.
 20060 | Lair:6   | Found a viscous altar of Jiyva.
 20061 | Lair:6   | Found a staircase to the Slime Pits.
 20485 | Slime:1  | Entered Level 1 of the Pits of Slime
 20485 | Slime:1  | Noticed an acid blob
 20492 | Slime:1  | Killed an acid blob
 21508 | D:13     | Reached XP level 16. HP: 134/150 MP: 4/16
 22041 | D:13     | Reached skill level 22 in Axes
 22307 | D:13     | Received a gift from Trog
 22351 | D:13     | Found a gate to the Vaults.
 22429 | D:13     | You fall into a shaft and drop 2 floors!
 22429 | D:15     | Entered Level 15 of the Dungeon
 22539 | D:14     | Reached skill level 15 in Armour
 22544 | D:14     | Reached skill level 15 in Shields
 22677 | D:14     | Found a gate leading to a gauntlet.
 22918 | D:14     | Found Sideuck's Armour Shop.
 24165 | D:15     | Found a sacrificial altar of Ru.
 24245 | D:15     | Found a staircase to the Depths.
 24380 | D:15     | Identified the ring of Yvoduful {Fly Will- Str+3 SInv}
 24407 | D:15     | HP: 7/151 [meliai/divine providence (14)]
 24411 | D:15     | Killed from afar by a meliai

Illustrated notes

Levels and vault maps discovered:
D:1:      arrival_zaba_pyramid, layout_rooms, basic_ecumenical_altar,
          minmay_3d_cube
D:2:      layout_loops_ring, minivault_25
D:3:      minmay_chambers_of_twos, layout_basic, grunt_ministairs_7,
          minmay_door_square, minmay_misc_feat_enclosed, grunt_decor_cap,
          uniq_crazy_yiuf_cottage, uniq_grinder, uniq_jessica, uniq_robin
D:4:      layout_layer_cave, makhleb_altar_promises_db, kennysheep_little_box,
          kennysheep_orc_chapel
D:5:      layout_loops_cross, minitemple, minmay_temple_entry_large_hall,
          hangedman_minor_gate_pass
D:6:      layout_loops_ring, cheibrodos_sewer_entry_drain, eino_tiny_chamber,
          kennysheep_generic_room_8
D:7:      layout_gridville, zin_academy
D:8:      layout_loops_ring, serial_shops, shop, nicolae_stop_n_shop_1,
          nicolae_stop_n_shop_1
D:9:      layout_irregular_city, grunt_lair_entry_orc_guard_hut
D:10:     layout_roguey, slow_altar_2, orc_0_dummy, amethyst_killhole,
          uniq_harold
D:11:     layout_loops_cross, lemuel_nasty_fountain
D:12:     layout_cave_pools
D:13:     layout_loops_cross, hangedman_vaults_entry_quadrant_bands
D:14:     layout_irregular_city, serial_shops, nicolae_square_shop,
          gauntlet_entry_generic
D:15:     hangedman_depths_entry_civil_slaughter, layout_long_grid,
          minivault_23, minmay_ruined_shrine
Temple:   eino_temple_lava
Lair:1:   layout_misc_corridors, minmay_hedge_maze, st_stairs_9,
          lemuel_fruit_tree, uniq_maggie
Lair:2:   layout_long_grid, serial_forest, infiniplex_forest_clump_long,
          infiniplex_forest_straight_2, infiniplex_forest_clump_small,
          infiniplex_forest_pool, infiniplex_forest_zigzag_1,
          infiniplex_forest_lined_2, infiniplex_forest_clump_large,
          infiniplex_forest_join, serial_bayou_shore_b, uniq_gastronok,
          uniq_urug
Lair:3:   layout_cellular_growth, guppyfry_snake_entry_island, st_stairs_12,
          wad_woods_road_01
Lair:4:   layout_concentric_octagons, minmay_shoals_entry_beasts,
          beast_lair_carwin_9, lemuel_fruit_fields
Lair:5:   layout_cave_shapes, gammafunk_ghost_ooze, lookout_lair_type,
          worms_lemuel, infiniplex_staircase_pool_2
Lair:6:   evilmike_catoblepas_cave, layout_regular_city, slime_altar_1,
          minivault_19, kennysheep_snail_temple, infiniplex_staircase_pool
Snake:1:  layout_rooms, serial_bayou_shore_b, uniq_asterion
Snake:2:  layout_misc_corridors, nicolae_snake_shapes
Snake:3:  layout_grid_maze
Slime:1:  layout_caves
Orc:1:    orc_temple, layout_caves, basic_altar, uniq_erica

Skill      XL: |  1  2  3  4  5  6  7  8  9 10 11 12 13 14 15 16 |
---------------+-------------------------------------------------+-----
Axes           | 3 4 5 6 7 9 11 13 15 17 19 20 21 22 | 22.4
Fighting       | 4 5 6 8 9 10 12 13 14 15 16 | 16.5
Shields        | 4 5 6 7 8 9 11 12 13 14 15 | 15.3
Armour         | 4 5 6 7 8 9 11 12 13 14 15 | 15.3

Action                   |  1- 3 |  4- 6 |  7- 9 | 10-12 | 13-15 | 16-18 || total
-------------------------+-------+-------+-------+-------+-------+-------++-------
Melee: War axe           |   100 |   137 |   271 |   397 |   859 |   155 ||  1919
       Broad axe         |       |       |       |       |       |   186 ||   186
Throw: Dart              |       |       |     8 |    24 |    19 |       ||    51
Invok: Trog's Hand       |       |       |       |       |     1 |       ||     1
Evoke: Wand              |       |       |       |       |     5 |       ||     5
  Use: Scroll            |       |       |    13 |    15 |    11 |     6 ||    45
       Potion            |       |       |       |     5 |     8 |     1 ||    14
 Stab: Distracted        |       |       |       |     5 |    15 |     1 ||    21
Armor: Scale mail        |    27 |       |   109 |   153 |       |       ||   289
       Chain mail        |    36 |   113 |    90 |    33 |       |       ||   272
       Plate armour      |       |       |       |   144 |   637 |   241 ||  1022
Dodge: Dodged            |    48 |    46 |    96 |   184 |   202 |   111 ||   687
Block: Buckler           |    21 |    24 |    63 |   126 |   262 |   104 ||   600
